 Dungeon Crawl Stone Soup version 0.21.0-3-g78d12a8 (webtiles) character file.

562 MTVSty1e the Digger (level 7, -3/58 HPs)
             Began as a Purple Draconian Earth Elementalist on Jan 13, 2018.
             Slain by an ice beast (11 damage)
             ... on level 5 of the Dungeon.
             The game lasted 00:12:44 (5987 turns).

MTVSty1e the Digger (DrEE)                          Turns: 5987, Time: 00:12:45

Health: -3/58      AC: 10    Str: 10    XL:     7   Next: 10%
Magic:  1/10       EV: 16    Int: 17    God:
Gold:   217        SH:  0    Dex: 12    Spells: 1/10 levels left

rFire    . . .     SeeInvis .   g - +0 dagger
rCold    . . .     Gourm    .   (no shield)
rNeg     . . .     Faith    .   (armour unavailable)
rPois    +         Spirit   .   (helmet restricted)
rElec    .         Reflect  .   r - +0 cloak
rCorr    .         Harm     .   o - +0 pair of gloves (curse)
MR       +....                  a - +1 pair of boots
Stlth    ++........             (no amulet)
HPRegen  0.19/turn              j - +4 ring of evasion
MPRegen  0.12/turn              (no ring)

@: lethally poisoned (-3 -> -3)
A: breathe power, unfitting armour, sense surroundings 1, poison resistance,
cold-blooded, AC +6
a: Breathe Dispelling Energy


You were on level 5 of the Dungeon.
You were not hungry.

You visited 1 branch of the dungeon, and saw 5 of its levels.

You collected 217 gold pieces.

Inventory:

Hand Weapons
 g - a +0 dagger (weapon)
Missiles
 b - 87 stones (quivered)
Armour
 a - a +1 pair of boots (worn)
 o - a cursed +0 pair of gloves (worn)
 r - a +0 cloak (worn)
Jewellery
 j - a +4 ring of evasion (left hand)
 k - an uncursed ring of protection from fire {unknown}
 m - the ring of Ajiubuv {rF+ rN+ Str+2 Int-5 SInv, unknown}
   (You found it on level 4 of the Dungeon)

   [ring of protection from fire]

   It affects your strength (+2).
   It affects your intelligence (-5).
   It protects you from fire.
   It protects you from negative energy.
   It lets you see invisible.
Scrolls
 h - 4 scrolls of remove curse
 i - 2 scrolls of fear
 l - a scroll of teleportation {unknown}
 n - a scroll of enchant armour
 q - 3 scrolls of identify
Potions
 e - a potion of invisibility
 f - a potion of agility
Books
 d - a book of Geomancy

   Spells                             Type                      Level
   a - Sandblast                      Earth                        1
   b - Passwall                       Transmutation/Earth          2
   c - Stone Arrow                    Conjuration/Earth            3
   d - Petrify                        Transmutation/Earth          4
   e - Lee's Rapid Deconstruction     Earth                        5
Comestibles
 c - 2 rations


   Skills:
 + Level 3.8 Fighting
 * Level 0.4 Short Blades
 - Level 1.7 Dodging
 - Level 1.7 Stealth
 - Level 3.4 Unarmed Combat
 - Level 2.4 Spellcasting
   Level 1.0 Transmutations
 * Level 6.1 Earth Magic


You had one spell level left.
You knew the following spells:

 Your Spells              Type           Power        Failure   Level  Hunger
a - Sandblast             Erth           ###...       1%          1    #......
b - Stone Arrow           Conj/Erth      ##....       16%         3    ###....
c - Lee's Rapid Deconstr  Erth           ###.......   38%         5    ######.


Dungeon Overview and Level Annotations

Branches:
Dungeon (5/15)
 Temple: D:4-7

Altars:
Fedhas

Annotations:
D:5 Menkaure


Innate Abilities, Weirdness & Mutations

You can breathe bolts of dispelling energy.
Your rich purple scales are hard. (AC +6)
You cannot fit into any form of body armour.
You are cold-blooded and may be slowed by cold attacks.
You passively map a small area around you.
Your system is resistant to poisons. (rPois)


Message History

You closely miss the ice beast.
Your tail-slap misses the ice beast.
The ice beast is almost dead.
The ice beast barely misses you.
It was a potion of mutation.
You feel extremely strange.
You feel a strange attunement to the structure of the dungeons.
You feel resistant to poisons. The ice beast closely misses you.
You hit the ice beast but do no damage.
The ice beast is almost dead.
The ice beast misses you.
You hit the ice beast but do no damage.
The ice beast is almost dead.
You feel sick. The ice beast completely misses you.
Okay, then.
Press: ? - help, Shift-Dir - straight line, f - bullfrog skeleton, p - ice beast
Aim: a bullfrog skeleton You fail to use your ability.
The ice beast hits you.
* * * LOW HITPOINT WARNING * * *
The ice beast freezes you!
You die...

* * #.. * , ** .. ,, #. * *
#.### * * ...# ,* , #..#)#
#....... , _ #..#.#.#
#....... , * #@#.#.#
#....... , , ###Y#.#.#
#....... * ### ##..Z..#.#
#....... , .... #......#.#
#....... * ...!. #......#.#
#....... ......#......#.#
#.......
..=...†...<#.#.######.##...
,..........##..........##...
.........###...............


You could see an ice beast and a bullfrog skeleton.

Vanquished Creatures
  A phantom (D:4)
  An ogre (D:4)
  2 hounds
  2 orc priests (D:4)
  A bullfrog skeleton (D:5)
  A centaur skeleton (D:4)
  An orc wizard (D:4)
  2 worker ants
  6 adders
  An adder skeleton (D:4)
  A worm (D:4)
  A dart slug (D:1)
  3 leopard geckos
  4 orcs
  6 bats
  5 giant cockroaches
  10 goblins
  7 hobgoblins
  8 kobolds
  A ball python (D:2)
  4 frilled lizards
  A quokka skeleton (D:4)
  9 rats
78 creatures vanquished.

Notes
Turn   | Place    | Note
-------+----------+-------------------------------------------
     0 | D:1      | MTVSty1e the Draconian Earth Elementalist began the quest for the Orb.
     0 | D:1      | Reached XP level 1. HP: 14/14 MP: 3/3
   339 | D:1      | Reached XP level 2. HP: 22/22 MP: 3/5
   555 | D:1      | Reached skill level 1 in Fighting
   567 | D:1      | Reached skill level 1 in Unarmed Combat
   960 | D:1      | Reached XP level 3. HP: 27/28 MP: 6/6
  1686 | D:2      | Found a blossoming altar of Fedhas.
  1912 | D:2      | Reached skill level 4 in Earth Magic
  2096 | D:2      | Reached XP level 4. HP: 36/36 MP: 7/7
  2852 | D:3      | Learned a level 3 spell: Stone Arrow
  3399 | D:4      | Noticed a phantom
  4095 | D:4      | Noticed an ogre
  4135 | D:5      | Entered Level 5 of the Dungeon
  4135 | D:5      | Noticed Menkaure
  4161 | D:3      | Reached XP level 5. HP: 6/42 MP: 3/8
  4500 | D:4      | Killed an ogre
  4500 | D:4      | Reached skill level 5 in Earth Magic
  4500 | D:4      | Reached XP level 6. HP: 25/51 MP: 0/9
  4858 | D:4      | Learned a level 5 spell: Lee's Rapid Deconstruction
  5213 | D:4      | Reached skill level 6 in Earth Magic
  5406 | D:4      | Got a warped silver ring
  5727 | D:5      | Your scales start taking on a rich purple colour.
  5727 | D:5      | Reached XP level 7. HP: 52/58 MP: 10/10
  5984 | D:5      | Gained mutation: You passively map a small area around you. [potion of mutation]
  5984 | D:5      | Gained mutation: Your system is resistant to poisons. (rPois) [potion of mutation]
  5987 | D:5      | Slain by an ice beast

Skill      XL: |  1  2  3  4  5  6 |
---------------+-------------------+-----
Fighting       | 1 2 3 |  3.8
Unarmed Combat | 1 2 3 |  3.4
Earth Magic    | 4 5 6 |  6.1
Short Blades   | |  0.4
Dodging        | |  1.7
Stealth        | |  1.7
Spellcasting   | |  2.4
Transmutations | |  1.0

Action                   |  1- 3 |  4- 6 |  7- 9 || total
-------------------------+-------+-------+-------++-------
Melee: Dagger            |   142 |   195 |    27 ||   364
       Unarmed           |    23 |       |       ||    23
       Tailslap          |    15 |    20 |     2 ||    37
       Punch             |     2 |     2 |       ||     4
Throw: Stone             |       |     2 |       ||     2
 Cast: Sandblast         |    19 |    32 |     5 ||    56
       Stone Arrow       |       |     5 |     1 ||     6
       Lee's Rapid Decon |       |     1 |     1 ||     2
  Use: Scroll            |     5 |     3 |       ||     8
       Potion            |       |     5 |     3 ||     8
 Stab: Sleeping          |     2 |     1 |       ||     3
       Invisible         |       |     1 |       ||     1
  Eat: Chunk             |     4 |     2 |       ||     6
       Ration            |       |     4 |       ||     4
Armor: Skin              |    49 |    58 |    10 ||   117
Dodge: Dodged            |   125 |   176 |    31 ||   332
